 Dungeon Crawl Stone Soup version 0.20.1-1-g8b1a95d (webtiles) character file.

180 vineage the Slasher (level 5, 0/39 HPs)
             Began as a Demonspawn Gladiator on Aug 24, 2017.
             Slain by Sigmund
             ... wielding a +3 scythe of venom
              (10 damage)
             ... on level 3 of the Dungeon.
             The game lasted 00:05:28 (3322 turns).

vineage the Slasher (Demonspawn Gladiator)          Turns: 3322, Time: 00:05:30

Health: 0/39       AC:  4    Str: 15    XL:     5   Next: 33%
Magic:  0/5        EV: 13    Int: 10    God:
Gold:   133        SH:  0    Dex: 16    Spells: 4/4 levels left

rFire    + . .     SeeInvis .   a - +0 long sword
rCold    . . .     Gourm    .   (no shield)
rNeg     . . .     Faith    .   b - +0 leather armour
rPois    .         Spirit   +   c - +0 helmet
rElec    .         Reflect  .   (no cloak)
rCorr    +         Harm     .   (no gloves)
MR       +....                  (no boots)
Stlth    ++........             (no amulet)
Regen    0.2/turn               g - ring of protection from magic
MPRegen  0.1/turn               i - ring of resist corrosion

@: no status effects
A: agile 1, fire resistance 1, magic shield
a: no special abilities


You were on level 3 of the Dungeon.
You were hungry.

You visited 1 branch of the dungeon, and saw 3 of its levels.

You collected 133 gold pieces.

Inventory:

Hand Weapons
 a - a +0 long sword (weapon)
Missiles
 d - 3 throwing nets (quivered)
Armour
 b - a +0 leather armour (worn)
 c - a +0 helmet (worn)
Jewellery
 g - a ring of protection from magic (left hand)
 i - a ring of resist corrosion (right hand)
 l - an uncursed ring of stealth {unknown}
Wands
 k - a wand of iceblast (7/15)
Scrolls
 e - a scroll of identify
 h - a scroll of magic mapping
Potions
 f - a potion of curing
Comestibles
 m - a royal jelly
 n - a bread ration


   Skills:
 + Level 2.6 Fighting
 + Level 4.0 Long Blades
 + Level 1.8 Throwing
 + Level 1.7 Armour
 + Level 3.4 Dodging
 + Level 1.1 Stealth


You had 4 spell levels left.
You didn't know any spells.

Dungeon Overview and Level Annotations

Branches:
Dungeon (3/15)

Altars:
Nemelex Xobeh
Trog

Annotations:
D:3 Sigmund


Innate Abilities, Weirdness & Mutations

When hurt, damage is shared between your health and your magic reserves.
You are agile. (Dex +2)
Your flesh is heat resistant. (rF+)


Message History

You are lethally poisoned!
You feel sick.
You feel sick.
You feel sick.
You see here a glowing trident.
You feel better. Something hits you.
You are poisoned.
You feel better. Something hits you!
You hit something but do no damage.
You hear some strange, mumbled words.
A magic dart appears from out of thin air!
The magic dart hits you! Something barely misses you.
You miss something. You completely miss something.
You hear some strange, mumbled words.
A puff of flame appears from out of thin air!
The puff of flame hits you! You resist.
* * * LOW HITPOINT WARNING * * *
Something hits you!
You die...

.†..........<..# #≈≈#
...............# #≈###
...............# #≈
#..............# #
#..............#
#######........#
#.##.....#
#######.##.#+#############
...............)@.........
#######.##.#.######..#####
#.##.#.## ..# #.##.#..#
(.# #.##.##.## ..#
#######.##.##..# .<#
...........###.####..##
#####.....(............
.......................


There were no monsters in sight!

Vanquished Creatures
  Robin (D:2)
  A gnoll (D:1)
  8 adders
  A worm (D:2)
  A dart slug (D:3)
  A leopard gecko (D:2)
  6 orcs (D:3)
  5 giant cockroaches
  15 goblins
  8 hobgoblins
  A jackal (D:2)
  4 quokkas (D:2)
  6 bats
  A frilled lizard (D:2)
  8 kobolds
  8 rats
75 creatures vanquished.

Notes
Turn   | Place    | Note
-------+----------+-------------------------------------------
     0 | D:1      | vineage the Demonspawn Gladiator began the quest for the Orb.
     0 | D:1      | Reached XP level 1. HP: 16/16 MP: 1/1
   301 | D:1      | Gained mutation: When hurt, damage is shared between your health and your magic reserves. [demonic ancestry]
   301 | D:1      | Reached XP level 2. HP: 22/22 MP: 2/2
   394 | D:1      | Reached skill level 3 in Long Blades
   741 | D:2      | Reached XP level 3. HP: 13/27 MP: 3/3
   925 | D:2      | Noticed Robin
  1488 | D:2      | HP: 1/28 [Robin/enchanted club (3)]
  1874 | D:2      | Killed Robin
  1874 | D:2      | Reached XP level 4. HP: 18/34 MP: 2/4
  1899 | D:2      | Reached skill level 1 in Armour
  2057 | D:2      | Found a sparkling altar of Nemelex Xobeh.
  2237 | D:2      | Reached skill level 1 in Stealth
  2560 | D:2      | Reached XP level 5. HP: 37/39 MP: 5/5
  2914 | D:3      | Reached skill level 4 in Long Blades
  2916 | D:3      | Gained mutation: You are agile. (Dex +2) [potion of mutation]
  2916 | D:3      | Gained mutation: Your flesh is heat resistant. (rF+) [potion of mutation]
  3212 | D:3      | Found a bloodstained altar of Trog.
  3286 | D:3      | Noticed Sigmund
  3322 | D:3      | Slain by Sigmund

Skill      XL: |  1  2  3  4  5 |
---------------+----------------+-----
Dodging        | 3 |  3.4
Long Blades    | 3 4 |  4.0
Armour         | 1 |  1.7
Stealth        | 1 |  1.1
Fighting       | |  2.6
Throwing       | |  1.8

Action                   |  1- 3 |  4- 6 || total
-------------------------+-------+-------++-------
Melee: Long sword        |   108 |   106 ||   214
  Use: Scroll            |     3 |     2 ||     5
       Potion            |     1 |     3 ||     4
 Stab: Sleeping          |     2 |     3 ||     5
  Eat: Bread ration      |     1 |       ||     1
       Chunk             |       |     3 ||     3
Armor: Leather armour    |    40 |    30 ||    70
Dodge: Dodged            |   111 |    73 ||   184
       Rpst.: Long sword |    31 |    24 ||    55
